 Dungeon Crawl Stone Soup version 0.29-a0-322-g68df515428 (webtiles) character file.

Game seed: 6555536528310125836

4847 tilp the Destroyer (level 10, -13/48 HPs)
             Began as a Felid Ice Elementalist on Apr 4, 2022.
             Was an Elder of Vehumet.
             Mangled by a two-headed ogre
             ... wielding a +0 giant spiked club
              (17 damage)
             ... on level 10 of the Dungeon on Apr 5, 2022.
             The game lasted 00:27:36 (18346 turns).

tilp the Destroyer (Felid Ice Elementalist)        Turns: 18346, Time: 00:27:37

Health: -13/48     AC:  2    Str:  4    XL:     10   Next: 25%
Magic:  18/21      EV: 18    Int: 23    God:    Vehumet [****..]
Gold:   287        SH:  0    Dex: 17    Spells: 10/23 levels left
                                        Lives:  0   Deaths: 2

rFire   . . .      SeeInvis +     - Unarmed
rCold   . . .      Faith    .   (shield unavailable)
rNeg    . . .      Spirit   .   (body armour unavailable)
rPois   .          Reflect  .   (helmet unavailable)
rElec   .          Harm     .   (cloak unavailable)
rCorr   .          Rampage  .   (gloves unavailable)
Will    ++...                   (boots unavailable)
Stlth   +++++.....              t - amulet of magic regeneration
HPRegen 0.16/turn               i - ring of Egeid {Wiz Int+2 Slay+4}
MPRegen 0.57/turn               G - ring of Fauboagg {Wiz Will+ Stlth+}

@: quick
A: very small, claws 1, fangs 3, see invisible, speed 1, shaggy fur 2, stealthy
paws, no weapons or thrown items, no armour, multi-lived
a: Renounce Religion


You were on level 10 of the Dungeon.
You worshipped Vehumet.
Vehumet was greatly pleased with you.
You visited 2 branches of the dungeon, and saw 13 of its levels.

You collected 607 gold pieces.
You spent 320 gold pieces at shops.

Inventory:

Jewellery
 e - an amulet of the acrobat
 f - a ring of flight
 i - the ring of Egeid (left paw) {Wiz Int+2 Slay+4}
   (You acquired it on level 8 of the Dungeon)

   [ring of wizardry]

   It improves your spell success rate.
   Int:       It affects your intelligence (+2).
   Slay:      It affects your accuracy & damage with ranged weapons and melee
   (+4).
 k - a +4 ring of evasion
 t - an amulet of magic regeneration (around neck)
 v - an amulet of reflection
 A - a +6 ring of dexterity
 G - the ring of Fauboagg (right paw) {Wiz Will+ Stlth+}
   (You found it on level 10 of the Dungeon)

   [ring of wizardry]

   It improves your spell success rate.
   Will:      It increases your willpower.
   Stlth:     It makes you more stealthy.
Wands
 n - a wand of flame (46)
 w - a wand of acid (4)
 D - a wand of mindburst (4)
Scrolls
 d - 2 scrolls of fog
 g - 2 scrolls of fear
 h - 3 scrolls of vulnerability
 j - 3 scrolls of immolation
 o - 2 scrolls of silence
 p - 2 scrolls of summoning
 r - a scroll of torment
 u - 2 scrolls of teleportation
 F - a scroll of acquirement
Potions
 a - 2 potions of magic
 b - 2 potions of invisibility
 c - 7 potions of curing
 l - 4 potions of mutation
 m - 4 potions of brilliance
 q - 2 potions of resistance
 s - a potion of haste
 x - a potion of cancellation
 z - a potion of flight
 B - 2 potions of lignification
 C - a potion of ambrosia
 E - a potion of heal wounds
Miscellaneous
 y - a phial of floods
 H - a phantom mirror


   Skills:
 - Level 8.0 Fighting
 - Level 4.0 Dodging
 - Level 8.0 Stealth
 - Level 4.0 Unarmed Combat
 - Level 7.0 Spellcasting
 + Level 9.4 Conjurations
 + Level 9.4 Ice Magic
 - Level 6.0 Evocations


You had 10 spell levels left.
You knew the following spells:

 Your Spells              Type           Power      Damage    Failure   Level
a - Freeze                Ice            100%       1d11      1%          1
b - Frozen Ramparts       Ice            100%       1d12      1%          3
c - Ozocubu's Armour      Ice            51%        N/A       1%          3
d - Hailstorm             Conj/Ice       51%        3d11      1%          4
e - Searing Ray           Conj           100%       2d8       1%          2

Your spell library contained the following spells:

 Spells                   Type           Power      Damage    Failure   Level
 Iskenderun's Battlesphe  Conj           51%        2d10      1%          5
 Foxfire                  Conj/Fire      100%       2x1d9     1%          1
 Magic Dart               Conj           100%       1d8       1%          1
 Static Discharge         Conj/Air       29%        N/A       1%          2
 Conjure Flame            Conj/Fire      29%        6-21      1%          3
 Flame Wave               Conj/Fire      29%        2d8       1%          4
 Fulminant Prism          Conj/Hex       14%        3d9       1%          4
 Sticky Flame             Conj/Fire      29%        2d5       1%          4
 Summon Small Mammal      Summ           32%        N/A       2%          1
 Ignite Poison            Fire/Tmut/Pois 8%         N/A       2%          3
 Inner Flame              Hex/Fire       8%         N/A       2%          3
 Corpse Rot               Necr/Air       16%        N/A       3%          2
 Call Canine Familiar     Summ           8%         N/A       6%          3
 Summon Guardian Golem    Hex/Summ       8%         N/A       6%          3
 Swiftness                Air            8%         N/A       6%          3
 Tukima's Dance           Hex            8%         N/A       6%          3
 Dispel Undead            Necr           8%         3d8       19%         4
 Passage of Golubria      Tloc           8%         N/A       19%         4
 Summon Lightning Spire   Summ/Air       8%         N/A       19%         4
 Yara's Violent Unravell  Hex/Tmut       4%         3d4       22%         5
 Simulacrum               Ice/Necr       14%        N/A       38%         6
 Summon Forest            Summ/Tloc      4%         N/A       45%         5
 Summon Mana Viper        Hex/Summ       8%         N/A       45%         5
 Death Channel            Necr           4%         N/A       94%         6
 Summon Cactus Giant      Summ           4%         N/A       94%         6


Dungeon Overview and Level Annotations

Branches:
Dungeon (12/15)            Temple (1/1) D:5            Lair (0/6) D:10
    Orc (0/2) D:11

Altars:
Ashenzari
Cheibriados
Dithmenos
Elyvilon
Fedhas
Gozag
Hepliaklqana
Kikubaaqudgha
Makhleb
Nemelex Xobeh
Okawaru
Qazlal
Ru
Sif Muna
Trog
Uskayaw
Vehumet
Wu Jian
Xom
Yredelemnul
Zin
The Shining One

Annotations:
D:10 exclusion: oklob plant, Lodul, Urug


Innate Abilities, Weirdness & Mutations

You have sharp claws.
You have razor-sharp teeth.
You have supernaturally acute eyesight. (SInv)
You cover ground quickly. (Speed+)
You are covered in thick fur. (AC +2)
Your paws help you pounce on unaware monsters.
You are incapable of wielding weapons or throwing items.
You cannot wear armour.
You gain extra lives every three experience levels.


Message History

Your icy armour cracks and falls away as you move.
The frozen ramparts melt away as you move.
You see here a yak corpse.
There is a stone staircase leading up here.
You climb upwards.
There is a stone staircase leading down here.
You start resting.
HP restored.
(D) Dungeon (T) Temple (L) Lair (O) Orcish Mines
Where to? (Enter - D:12, ? - help)
What level of the Lair of Beasts? (default 1, ? - help)
There is a stone staircase leading up here.
You climb upwards.
Level annotation: exclusion: oklob plant, Urug Lodul shouts!
The two-headed ogre shouts in stereo! x2
There is a stone staircase leading down here.
There are monsters nearby!
Unknown command.
Casting: Ozocubu's Armour (safe; 1% risk of failure)
Confirm with . or Enter, or press ? or * to list all spells.
Casting: Hailstorm (safe; 1% risk of failure)
Press: ? - help, Dir - look around, f - activate A cannonade of hail descends around you!
The hail pelts the two-headed ogre!
The two-headed ogre is moderately wounded.
The hail pelts the two-headed ogre!
The two-headed ogre is lightly wounded.
The hail pelts Lodul!!
Lodul is moderately wounded.
The hail pelts the two-headed ogre!
The two-headed ogre is moderately wounded.
Unknown command.
You scratch Lodul.
Lodul is moderately wounded.
Lodul hits you with a +0 dire flail!
The two-headed ogre hits you with a +0 giant spiked club!!
Ouch! That really hurt!
* * * LOW HITPOINT WARNING * * *
The two-headed ogre hits you with a +0 giant spiked club!
You die...

#.# #.# #.# #.# #.# #.# #.#
#.# ########.# #.#
#........#########.########
####.####..................
#.#..#....<..######.####
#.((('.@O....# #.#
###(.#.OO....# #.#
####...O...# #.# #.....O..#
#.#
########........######.####
#..........................
######.##########..........
#.# #.......... #.#
#..........


You could see Lodul and 4 two-headed ogres.

Vanquished Creatures
  Erica (D:11)
  2 two-headed ogres (D:10)
  Amaemon (D:11)
  The ghost of Protee the Nimble, a novice DjIE (D:5)
  Maurice (D:8)
  A cyclops (D:11)
  Joseph (D:7)
  An orange demon (D:11)
  2 unseen horrors (D:11)
  2 gargoyles
  2 trolls
  6 slime creatures (D:8)
  Sigmund (D:3)
  A wraith (D:9)
  2 shadows
  26 yaks
  2 steam dragons
  2 water moccasins
  An acid dragon (D:9)
  3 orc warriors
  3 ice beasts
  2 black bears
  A centaur (D:10)
  3 ogres
  6 phantoms
  4 kobold brigands
  3 bullfrogs
  A gnoll sergeant (D:10)
  2 necrophages (D:6)
  2 scorpions
  2 troll zombies (D:11)
  7 killer bees (D:9)
  2 howler monkeys (D:8)
  3 quasits (D:5)
  8 hounds
  3 jellies
  6 orc priests
  2 gnoll shamans (D:7)
  2 iguanas
  3 orc wizards
  6 ogre zombies (D:11)
  Robin (D:3)
  9 gnolls
  15 adders
  2 shadow imps
  3 white imps (D:7)
  2 ufetubi (D:6)
  2 worms (D:2)
  6 dart slugs
  33 orcs
  3 bats
  7 endoplasms
  2 giant cockroaches
  11 goblins
  8 hobgoblins
  12 kobolds
  6 quokkas
  10 ball pythons
  3 frilled lizards (D:1)
  4 goblin zombies (D:11)
  A hobgoblin skeleton (D:11)
  2 hobgoblin zombies (D:11)
  2 orc skeletons (D:11)
  16 orc zombies (D:11)
  4 rats
  A butterfly (D:5)
295 creatures vanquished.

Notes
Turn   | Place    | Note
-------+----------+-------------------------------------------
     0 | D:1      | tilp the Felid Ice Elementalist began the quest for the
                  | Orb.
     0 | D:1      | Reached XP level 1. HP: 7/7 MP: 4/4
   628 | D:1      | Reached XP level 2. HP: 9/12 MP: 3/6
  1104 | D:1      | Found Feis's Distillery.
  1122 | D:1      | Bought a potion of curing for 30 gold pieces
  1160 | D:1      | Found a faded altar of an unknown god.
  1267 | D:1      | Reached skill level 1 in Fighting
  1815 | D:1      | Reached XP level 3. HP: 15/15 MP: 5/7
  1819 | D:1      | Learned a level 3 spell: Frozen Ramparts
  2644 | D:2      | Learned a level 3 spell: Ozocubu's Armour
  3141 | D:2      | Reached XP level 4. HP: 19/19 MP: 2/8
  3791 | D:1      | Bought a potion of heal wounds for 50 gold pieces
  3791 | D:1      | Bought a potion of degeneration for 10 gold pieces
  4095 | D:3      | Noticed Sigmund
  4782 | D:3      | Noticed Robin
  4794 | D:3      | Killed Robin
  4931 | D:3      | Reached XP level 5. HP: 22/22 MP: 2/10
  5337 | D:1      | Bought a potion of might for 40 gold pieces
  5419 | D:4      | Reached skill level 5 in Ice Magic
  5673 | D:4      | Noticed a phantom
  5684 | D:4      | Killed a phantom
  5685 | D:4      | Gained mutation: You are covered in thick fur. (AC +2)
                  | [Felid growth]
  5685 | D:4      | Reached XP level 6. HP: 26/26 MP: 11/11
  5744 | D:4      | Got the Incunabulum of Necromancy and Air
  6142 | D:4      | Reached skill level 1 in Unarmed Combat
  6564 | D:4      | Noticed a water moccasin
  6570 | D:4      | Killed a water moccasin
  6571 | D:4      | Reached XP level 7. HP: 23/31 MP: 3/12
  6731 | D:5      | Entered Level 5 of the Dungeon
  6878 | D:5      | Found a transporter.
  6881 | D:5      | Noticed Protee's ghost (novice DjIE)
  7163 | D:5      | Found a staircase to the Ecumenical Temple.
  7175 | D:5      | Reached skill level 5 in Stealth
  7210 | Temple   | Entered the Ecumenical Temple
  7397 | Temple   | Became a worshipper of Vehumet
  7469 | D:5      | Noticed a yak
  7469 | D:5      | Noticed a yak
  7470 | D:5      | Noticed a yak
  7472 | D:5      | Noticed a yak
  7476 | D:5      | Killed a yak
  7565 | D:4      | Learned a level 2 spell: Searing Ray
  7971 | D:5      | Found a transporter.
  8017 | D:5      | Reached skill level 1 in Conjurations
  8143 | D:5      | Reached XP level 8. HP: 28/36 MP: 3/14
  9029 | D:6      | Learned a level 4 spell: Hailstorm
  9767 | D:6      | Reached XP level 9. HP: 39/39 MP: 4/16
  9977 | D:6      | Found a basalt altar of Yredelemnul.
  9983 | D:6      | Found a hide-covered altar of Uskayaw.
  9987 | D:6      | Found an iron altar of Okawaru.
  9990 | D:6      | Found a glowing golden altar of the Shining One.
 10058 | D:6      | Found an opulent altar of Gozag.
 10063 | D:6      | Found a glowing silver altar of Zin.
 10748 | D:7      | Noticed a gargoyle
 10984 | D:7      | Reached * piety under Vehumet
 10984 | D:7      | Offered knowledge of Sandblast by Vehumet.
 11114 | D:7      | Reached skill level 5 in Conjurations
 11203 | D:7      | Noticed Joseph
 11260 | D:7      | Reached skill level 5 in Spellcasting
 11602 | D:7      | Killed Joseph
 11953 | D:7      | Killed a gargoyle
 12358 | D:1      | Bought a potion of mutation for 80 gold pieces
 12358 | D:1      | Bought a potion of cancellation for 80 gold pieces
 12358 | D:1      | Bought a potion of flight for 30 gold pieces
 12496 | D:3      | Killed Sigmund
 12602 | D:5      | Killed Protee's ghost
 12603 | D:5      | Reached skill level 1 in Evocations
 12603 | D:5      | Reached XP level 10. HP: 34/43 MP: 7/18
 13042 | D:8      | Noticed Maurice
 13053 | D:8      | Killed Maurice
 13054 | D:8      | Reached skill level 5 in Fighting
 13279 | D:8      | Reached ** piety under Vehumet
 13354 | D:8      | Identified the +1 ring mail "Coraifry" {rF+ Will+ Dex+3}
 13405 | D:8      | Offered knowledge of Shock by Vehumet.
 13717 | D:8      | HP: 1/45 [slime creature (7)]
 14572 | D:8      | Identified a scroll of acquirement
 14573 | D:8      | Acquired the ring of Egeid {Wiz Int+2 Slay+4}
 15018 | D:9      | Reached XP level 11. HP: 31/49 MP: 9/20
 15372 | D:10     | Entered Level 10 of the Dungeon
 15424 | D:10     | Reached skill level 5 in Evocations
 15538 | D:10     | Found a staircase to the Lair.
 15538 | D:10     | Noticed an oklob plant
 15549 | D:10     | Noticed Urug
 15587 | D:10     | Noticed a two-headed ogre
 15688 | D:10     | Identified the ring of Fauboagg {Wiz Will+ Stlth+}
 15756 | D:10     | Offered knowledge of Scorch by Vehumet.
 15863 | D:10     | Noticed a two-headed ogre
 15881 | D:10     | Killed a two-headed ogre
 16007 | D:10     | Noticed a two-headed ogre
 16377 | D:10     | Noticed a two-headed ogre
 16387 | D:10     | Reached *** piety under Vehumet
 16389 | D:10     | Killed a two-headed ogre
 16677 | D:11     | Noticed Amaemon
 17065 | D:11     | Slain by Amaemon
 17066 | D:11     | Reached XP level 10. HP: -1/47 MP: 9/20
 17070 | D:11     | Killed Amaemon
 17070 | D:11     | Offered knowledge of Airstrike by Vehumet.
 17187 | D:11     | Found a staircase to the Orcish Mines.
 17200 | D:11     | Reached **** piety under Vehumet
 17244 | D:11     | Noticed Erica
 17251 | D:11     | Killed Erica
 17252 | D:11     | Reached XP level 11. HP: 51/51 MP: 11/22
 17460 | D:11     | Offered knowledge of Iskenderun's Battlesphere by Vehumet.
 17590 | D:11     | HP: 2/51 [troll zombie (10)]
 18058 | D:11     | Killed from afar by a gargoyle
 18059 | D:11     | Reached XP level 10. HP: -1/48 MP: 19/21
 18059 | D:11     | Upgraded the game from 0.29-a0-321-gf1c400731a to
                  | 0.29-a0-322-g68df515428
 18129 | D:12     | Noticed a cyclops
 18343 | D:10     | Noticed Lodul
 18343 | D:10     | Noticed a two-headed ogre
 18343 | D:10     | Noticed a two-headed ogre
 18346 | D:10     | Mangled by a two-headed ogre

Illustrated notes

Levels and vault maps discovered:
D:1:      kilobyte_arrival_exit_the_forest, layout_basic, serial_corexii_hall,
          corexii_hall_statues_x, chequers_hall_statues_corner_a, serial_shops,
          shop_statue, nicolae_ecumenical_snake_handling, st_stairs_5
D:2:      layout_loops_ring
D:3:      layout_loops_corners, uniq_sigmund, uniq_robin
D:4:      layout_loops_ring
D:5:      layout_loops_ring, minmay_temple_entry_butterflies,
          gammafunk_ghost_stat_death
D:6:      minmay_angry_zag, layout_basic, nicolae_overflow_hallway_of_the_gods
D:7:      layout_gridville, uniq_joseph
D:8:      layout_rooms, skrybe_limestone_x, uniq_maurice
D:9:      layout_small_grid, eino_tiny_chamber
D:10:     layout_small_grid, dpeg_oklobed_lair, minmay_unpleasant_kobolds,
          uniq_urug, uniq_lodul
D:11:     layout_irregular_city, zombieorc2_lemuel, serial_column_ruins,
          column_ruins_grid_3, column_ruins_columns_T, column_ruins_grid_4,
          column_ruins_grid_1, uniq_erica, uniq_amaemon
D:12:     layout_loops_ring, grunt_ministairs_5, uniq_josephine
Temple:   regret_index_temple_sphere_string

Skill      XL: |  1  2  3  4  5  6  7  8  9 10 11 |
---------------+----------------------------------+-----
Ice Magic      | 4 6 7 8 9 |  9.4
Fighting       | 1 2 3 4 6 8 |  8.0
Spellcasting   | 3 4 5 7 |  7.0
Stealth        | 3 6 8 |  8.0
Dodging        | 3 4 |  4.0
Unarmed Combat | 1 2 4 |  4.0
Conjurations   | 1 4 8 9 |  9.4
Evocations     | 1 4 6 |  6.0

Action                   |  1- 3 |  4- 6 |  7- 9 | 10-12 || total
-------------------------+-------+-------+-------+-------++-------
Melee: Unarmed           |    14 |    23 |    74 |    51 ||   162
       Bite              |       |     2 |     5 |     9 ||    16
 Cast: Freeze            |    43 |    32 |    21 |    10 ||   106
       Frozen Ramparts   |     5 |    23 |    33 |    22 ||    83
       Ozocubu's Armour  |       |     9 |    37 |    26 ||    72
       Searing Ray       |       |       |    35 |    33 ||    68
       Hailstorm         |       |       |     9 |    80 ||    89
Evoke: Wand              |       |       |     2 |     1 ||     3
  Use: Scroll            |     1 |     2 |     8 |     6 ||    17
       Potion            |       |     1 |     3 |     2 ||     6
 Stab: Sleeping          |     6 |     6 |     6 |    15 ||    33
Armor: Skin              |     3 |     5 |    17 |    11 ||    36
Dodge: Dodged            |    27 |    41 |   162 |   110 ||   340

Table legend: (Time is in decaauts)
 A = Elapsed time spent in this place.
 B = Non-inter-level travel time spent in this place.
 C = Inter-level travel time spent in this place.
 D = Time resting spent in this place.
 E = Time spent auto-exploring this place.
 F = Levels seen in this place.
 G = Mean time per level.
                   A        B        C        D        E       F      G
               +--------+--------+--------+--------+--------+-----+--------+
         Total |  16692 |  15719 |    973 |   4145 |   9495 |  13 | 1284.0 |
       Dungeon |  16529 |  15598 |    931 |   4145 |   9386 |  12 | 1377.4 |
        Temple |    163 |    122 |     41 |      0 |    109 |   1 |  163.0 |
               +--------+--------+--------+--------+--------+-----+--------+

Top non-repeatable levels by time:
     D:1: 2092 daAuts
     D:6: 1772 daAuts
     D:4: 1666 daAuts
     D:5: 1627 daAuts
    D:11: 1612 daAuts
     D:2: 1611 daAuts
     D:8: 1551 daAuts
     D:7: 1473 daAuts
     D:3: 1341 daAuts
    D:10: 1061 daAuts
     D:9: 703 daAuts
  Temple: 163 daAuts
    D:12: 14 daAuts
